 Dungeon Crawl Stone Soup version 0.32-a0-656-g3542139ebd (webtiles) character file.

Game seed: 2287078335999772749

8303 Malificent the Schismatic (level 11, -10/89 HPs)
             Began as a Black Draconian Monk on Mar 8, 2024.
             Was an Elder of Lugonu.
             Shot with an arrow by a centaur warrior (13 damage)
             ... on level 9 of the Dungeon.
             The game lasted 00:44:28 (10363 turns).

Malificent the Schismatic (Black Draconian Monk)   Turns: 10363, Time: 00:44:28

Health: -10/89     AC: 10    Str: 15    XL:     11   Next: 8%
Magic:  26/26      EV: 14    Int: 19    God:    Lugonu [****..]
Gold:   295        SH:  0    Dex: 14    Spells: 5/18 levels left

rFire   . . .        b - +3 spear (venom)
rCold   . . .        c - orb {light}
rNeg    . . .        (body armour unavailable)
rPois   .            (helmet restricted)
rElec   +            H - +1 cloak {rCorr}
rCorr   +            o - +0 pair of gloves
SInv    .            (no boots)
Will    .....        (no amulet)
Stlth   +            j - ring of magical power
HPRegen 0.34/turn    x - +6 ring of intelligence
MPRegen 0.20/turn

%: no passive effects
@: glowing
A: galvanic breath, AC +7, unfitting armour, electricity resistance,
cold-blooded
a: Galvanic Breath, Renounce Religion, Depart the Abyss, Banish, Corrupt


You were on level 9 of the Dungeon.
You worshipped Lugonu.
Lugonu was greatly pleased with you.
You visited 1 branch of the dungeon, and saw 9 of its levels.

You collected 445 gold pieces.
You spent 150 gold pieces at shops.

Inventory:

Hand Weapons
 a - a +3 vampiric trident
 b - a +3 spear of venom (weapon)
 d - a +0 hand axe
 y - a +2 trident of freezing
 E - a +2 trident of draining
Missiles
 h - 4 javelins (quivered)
 t - 3 throwing nets
Armour
 c - an orb of light (worn)
 n - a +0 buckler
 o - a +0 pair of gloves (worn)
 p - a +1 pair of gloves
 F - an orb of guile
 H - a +1 cloak of preservation (worn)
Jewellery
 f - a ring of positive energy
 j - a ring of magical power (left hand)
 v - a ring of magical power
 x - a +6 ring of intelligence (right hand)
 z - a +6 ring of strength
 J - an amulet of guardian spirit
Wands
 k - a wand of flame (46)
 q - a wand of charming (6)
 A - a wand of roots (9)
Scrolls
 e - a scroll of revelation
 l - a scroll of summoning {unknown}
 w - 2 scrolls of poison
Potions
 g - a potion of degeneration {unknown}
 i - 2 potions of enlightenment
 m - 2 potions of invisibility
 r - 3 potions of heal wounds
 s - a potion of cancellation {unknown}
 u - 2 potions of brilliance
 B - a potion of might
 C - a potion of haste
 G - a potion of lignification {unknown}
 I - a potion of attraction {unknown}


   Skills:
 + Level 6.2 Fighting
 + Level 6.0(7.3) Axes
 + Level 6.2(7.4) Polearms
 + Level 2.4 Throwing
 + Level 6.2 Dodging
 + Level 1.4 Stealth
 + Level 0.1 Unarmed Combat
 * Level 4.4 Spellcasting
 * Level 4.2 Conjurations
 * Level 4.2 Translocations
 - Level 4.6 Ice Magic
 * Level 6.2 Air Magic
 * Level 6.4 Invocations
 + Level 0.4 Evocations


You had 5 spell levels left.
You knew the following spells:

 Your Spells              Type           Power      Damage    Failure   Level
a - Hailstorm             Conj/Ice       21%        3d7       6%          3
b - Airstrike             Air            13%        2d(2-18)  10%         4
c - Blink                 Tloc           40%        N/A       3%          2
d - Vhi's Electric Charg  Tloc/Air       48%        N/A       16%         4

Your spell library contained the following spells:

 Spells                   Type           Power      Damage    Failure   Level
 Lesser Beckoning         Tloc           40%        N/A       3%          2
 Momentum Strike          Conj/Tloc      40%        3d9       3%          2
 Ozocubu's Armour         Ice            21%        N/A       6%          3
 Summon Ice Beast         Ice/Summ       13%        N/A       16%         3
 Dazzling Flash           Conj/Hex       24%        N/A       17%         3
 Volatile Blastmotes      Fire/Tloc      24%        2d12      17%         3
 Passage of Golubria      Tloc           20%        N/A       22%         4
 Tukima's Dance           Hex            4%         N/A       36%         3
 Arcjolt                  Conj/Air       12%        1d22      38%         5
 Cause Fear               Hex            2%         N/A       78%         4
 Leda's Liquefaction      Alch/Erth      2%         N/A       78%         4
 Metabolic Englaciation   Hex/Ice        6%         N/A       80%         5
 Fireball                 Conj/Fire      6%         3d5       83%         5
 Lee's Rapid Deconstruct  Erth           2%         3d4*      98%         5
 Yara's Violent Unravell  Hex/Alch       2%         3d3       98%         5
 Plasma Beam              Fire/Air       8%         2x1d18    99%         6
 Bombard                  Conj/Erth      6%         9d2       100%        6
 Sculpt Simulacrum        Ice/Alch       6%         N/A       100%        6
 Starburst                Conj/Fire      6%         6d4       100%        6
 Maxwell's Capacitive Co  Air            13%        ∞         100%        8
 Dragon's Call            Summ           2%         N/A       100%        9


Dungeon Overview and Level Annotations

Branches:
Dungeon (9/15)             Temple (0/1) D:5
   Lair: D:8-11         Orc: D:9-12

Altars:
Uskayaw
Yredelemnul
Lugonu

Shops:
D:6 :

Annotations:
D:4 1 runed translucent door, Sandpaper2's ghost, amateur GrFi


Innate Abilities, Weirdness & Mutations

You can breathe arcing electricity.
Your glossy black scales are hard. (AC +7)
You cannot fit into any form of body armour.
You are resistant to electric shocks. (rElec)
You are cold-blooded and may be slowed by cold attacks.


Message History

Okay, then.
Throw: 8 javelins
Press: ? - help, Q - select action, (/) - cycle Shift-Dir - straight line, f/p - centaur warrior
Aim: a centaur warrior, wielding a +0 orcbow (lightly wounded, constricted by roots, haloed, 98% to hit)
You throw a javelin.
The javelin pierces through the centaur warrior.
The centaur warrior is lightly wounded.
The grasping roots constrict the centaur warrior!
The centaur warrior shoots an arrow.
The arrow hits you!!
The centaur warrior struggles to escape constriction.
Throw: 7 javelins
Press: ? - help, Q - select action, (/) - cycle Shift-Dir - straight line, f/p - centaur warrior
Aim: a centaur warrior, wielding a +0 orcbow (moderately wounded, constricted by roots, haloed, 98% to hit)
You throw a javelin.
The javelin pierces through the centaur warrior!
The centaur warrior is heavily wounded.
The grasping roots constrict the centaur warrior.
The centaur warrior shoots an arrow.
The arrow misses you.
The centaur warrior struggles to escape constriction.
Throw: 6 javelins
Press: ? - help, Q - select action, (/) - cycle Shift-Dir - straight line, f/p - centaur warrior
Aim: a centaur warrior, wielding a +0 orcbow (heavily wounded, constricted by roots, haloed, 98% to hit)
You throw a javelin.
The javelin pierces through the centaur warrior!
The centaur warrior is severely wounded.
The grasping roots constrict the centaur warrior.
You grasping roots sink back into the ground.
The centaur warrior shoots an arrow.
The arrow hits you!
* * * LOW HITPOINT WARNING * * *
The centaur warrior shoots an arrow.
The arrow closely misses you.
Throw: 5 javelins
Press: ? - help, Q - select action, (/) - cycle Shift-Dir - straight line, f/p - centaur warrior
Aim: a centaur warrior, wielding a +0 orcbow (severely wounded, haloed, 86% to hit)
You throw a javelin.
The javelin pierces through the centaur warrior.
The centaur warrior is almost dead.
The centaur warrior shoots an arrow.
The arrow hits you!!
* * * LOW HITPOINT WARNING * * *
The centaur warrior shoots an arrow.
The arrow hits you!
You die...

######...........#
#.(....[.........#
#...................
#....................
#....................
#..c.................
#......#'####'#####'#....
#......#..# .... .#...
#......#@.#.....# '
#......+..# ###
#......#..# #......##+#
#.c....


You could see a centaur warrior.

Vanquished Creatures
  A two-headed ogre (D:8)
  Pikel (D:7)
  A cyclops (D:6)
  Jeremiah (D:7)
  Psyche (D:9)
  A hornet (D:5)
  A wraith (D:7)
  A wyvern (D:8)
  3 yaks (D:9)
  A steam dragon (D:7)
  Duvessa (D:5)
  An acid dragon (D:8)
  2 orc warriors
  A sky beast (D:8)
  2 black bears
  3 ice beasts
  9 ogres
  A wolf (D:6)
  4 centaurs
  3 phantoms
  3 bullfrogs
  2 kobold brigands
  4 gnoll sergeants
  A scorpion (D:6)
  A water moccasin zombie (D:4)
  4 wights (D:8)
  Dowan (D:5)
  4 killer bees (D:7)
  9 howler monkeys
  A bombardier beetle (D:5)
  8 hounds
  A jelly (D:5)
  7 orc priests
  Crazy Yiuf (D:7)
  4 gnoll boudas
  Natasha (twice) (D:2)
  4 sleepcaps
  5 iguanas
  8 orc wizards
  A hound zombie (D:4)
  20 gnolls
  7 adders
  4 ufetubi (D:5)
  3 adder zombies (D:4)
  A ribbon worm (D:3)
  4 dart slugs
  16 orcs
  4 endoplasms
  5 giant cockroaches
  10 goblins
  8 hobgoblins
  2 jackals (D:4)
  17 kobolds
  7 ball pythons
  5 bats
  4 frilled lizards
  5 rats
232 creatures vanquished.

Vanquished Creatures (others)
  A kobold brigand (D:6)
1 creature vanquished.

Grand Total: 233 creatures vanquished

Notes
Turn   | Place    | Note
-------+----------+-------------------------------------------
     0 | D:1      | Malificent the Draconian Monk began the quest for the Orb.
     0 | D:1      | Reached XP level 1. HP: 19/19 MP: 1/1
   144 | D:1      | Reached XP level 2. HP: 26/26 MP: 2/2
   727 | D:2      | Reached XP level 3. HP: 33/33 MP: 3/3
  1063 | D:2      | Noticed Natasha
  1079 | D:2      | Killed Natasha
  1219 | D:2      | Noticed Natasha
  1226 | D:2      | Killed Natasha
  1227 | D:2      | Reached XP level 4. HP: 35/40 MP: 4/4
  2217 | D:3      | Reached XP level 5. HP: 44/46 MP: 5/5
  2570 | D:3      | Found a faded altar of an unknown god.
  2584 | D:3      | Prayed at the altar of an unknown god.
  2584 | D:3      | Became a worshipper of Lugonu the Unformed
  2584 | D:3      | Reached * piety under Lugonu
  2584 | D:3      | Reached ** piety under Lugonu
  2820 | D:4      | Reached skill level 5 in Axes
  2825 | D:4      | Reached skill level 1 in Invocations
  2825 | D:4      | Reached XP level 6. HP: 28/52 MP: 7/7
  2928 | D:4      | Found a runed translucent door.
  2928 | D:4      | Noticed Sandpaper2's ghost (amateur GrFi)
  2941 | D:4      | Reached *** piety under Lugonu
  2993 | D:4      | Found a basalt altar of Yredelemnul.
  3137 | D:4      | Your scales start taking on a glossy black colour.
  3137 | D:4      | Reached XP level 7. HP: 33/60 MP: 8/8
  3137 | D:4      | Gained mutation: You are resistant to electric shocks.
                  | (rElec) [Black Draconian growth]
  3312 | D:4      | Reached skill level 1 in Air Magic
  3338 | D:4      | Learned a level 3 spell: Hailstorm
  3561 | D:5      | Entered Level 5 of the Dungeon
  3592 | D:5      | Noticed Duvessa
  3602 | D:5      | Noticed Dowan
  3607 | D:5      | Killed Duvessa
  3608 | D:5      | Reached skill level 1 in Conjurations
  3615 | D:5      | Killed Dowan
  3616 | D:5      | Reached skill level 1 in Throwing
  3718 | D:5      | Reached skill level 1 in Spellcasting
  3718 | D:5      | Reached skill level 1 in Ice Magic
  3838 | D:5      | Noticed a hornet
  3844 | D:5      | Reached skill level 5 in Dodging
  3844 | D:5      | Killed a hornet
  3845 | D:5      | Reached XP level 8. HP: 36/67 MP: 10/10
  3863 | D:5      | Reached skill level 1 in Polearms
  4023 | D:5      | Found a staircase to the Ecumenical Temple.
  4765 | D:6      | Reached **** piety under Lugonu
  4766 | D:6      | Reached skill level 5 in Fighting
  4788 | D:6      | Found Ucke's Tiny Tomes.
  4792 | D:6      | Bought the Compilation of Voltage for 150 gold pieces
  4797 | D:6      | Learned a level 4 spell: Airstrike
  4800 | D:6      | Learned a level 2 spell: Blink
  4989 | D:6      | Reached XP level 9. HP: 74/74 MP: 12/12
  5212 | D:6      | Reached skill level 1 in Translocations
  5737 | D:6      | Noticed a cyclops
  5762 | D:6      | Killed a cyclops
  5793 | D:6      | Reached skill level 5 in Air Magic
  5794 | D:6      | Reached skill level 5 in Invocations
  6070 | D:6      | Noticed a +0 falchion
  6070 | D:6      | Noticed a +0 falchion
  6071 | D:6      | Noticed a +0 spear
  6072 | D:6      | Noticed a +0 short sword
  6097 | D:6      | Noticed a +0 short sword
  6097 | D:6      | Noticed a +0 dagger
  6098 | D:6      | Noticed a +0 dagger
  6098 | D:6      | Noticed a +0 spear
  6104 | D:6      | Found a hide-covered altar of Uskayaw.
  6171 | D:6      | Reached XP level 10. HP: 65/81 MP: 15/15
  6307 | D:6      | Reached skill level 1 in Stealth
  6514 | D:7      | Noticed Pikel
  6530 | D:7      | Killed Pikel
  7016 | D:7      | Reached skill level 5 in Polearms
  7155 | D:7      | Noticed Jeremiah
  7202 | D:7      | Killed Jeremiah
  7681 | D:7      | Found a runed translucent door.
  7682 | D:7      | Noticed Crazy Yiuf
  7691 | D:7      | Killed Crazy Yiuf
  8311 | D:8      | Learned a level 4 spell: Vhi's Electric Charge
  8871 | D:8      | Noticed a two-headed ogre
  8882 | D:8      | Killed a two-headed ogre
  9793 | D:9      | Reached XP level 11. HP: 43/89 MP: 17/17
 10081 | D:9      | Noticed Psyche
 10103 | D:9      | Killed Psyche
 10351 | D:9      | Noticed a centaur warrior
 10363 | D:9      | HP: 3/89 [centaur warrior/arrow (20)]
 10363 | D:9      | Shot with an arrow by a centaur warrior

Illustrated notes

Levels and vault maps discovered:
D:1:      minmay_arrival_radiant_lines, layout_loops_cross
D:2:      cheibrodos_greedy_goblins, layout_basic, minmay_misc_feat_iff,
          uniq_natasha
D:3:      layout_loops_corners, shapermc_ecumenical_altar_flowoftime
D:4:      layout_cave_pools, nicolae_yredelemnul_corpse_copse,
          gammafunk_ghost_grave
D:5:      layout_gridville, minmay_temple_entry_gardened_gates,
          serial_library_hellmonk_reading_circle, uniq_duvessa
D:6:      lemuel_castle_with_subvaults [lemuel_castle_interior_carwin_1],
          layout_rooms, nicolae_uskayaw_en_pointe,
          nicolae_shop_i_like_small_books_too
D:7:      layout_loops_ring, minmay_fountain_box, uniq_jeremiah, uniq_pikel,
          uniq_crazy_yiuf_cottage
D:8:      layout_loops_cross
D:9:      layout_gridville, lair_entry_dummy, uniq_erica, uniq_psyche

Skill      XL: |  1  2  3  4  5  6  7  8  9 10 11 |
---------------+----------------------------------+-----
Dodging        | 3 4 5 6 |  6.2
Axes           | 4 5 6 |  6.0
Fighting       | 4 5 6 |  6.2
Invocations    | 1 2 3 5 6 |  6.4
Air Magic      | 2 3 5 6 |  6.2
Conjurations   | 1 2 3 4 |  4.2
Throwing       | 1 2 |  2.4
Spellcasting   | 1 2 3 4 |  4.4
Ice Magic      | 2 4 |  4.6
Polearms       | 2 4 5 6 |  6.2
Translocations | 3 4 |  4.2
Stealth        | 1 |  1.4
Unarmed Combat | |  0.1
Evocations     | |  0.4

Action                     |  1- 3 |  4- 6 |  7- 9 | 10-12 || total
---------------------------+-------+-------+-------+-------++-------
  Melee: Hand axe          |    58 |   188 |    10 |       ||   256
         Tailslap          |    12 |    35 |    69 |    60 ||   176
         Unarmed           |    13 |       |       |     1 ||    14
         Spear             |       |       |   273 |   253 ||   526
         Trident           |       |       |       |    58 ||    58
  Throw: Javelin           |       |     1 |    29 |    20 ||    50
   Cast: Blink             |       |       |       |     2 ||     2
 Invoke: Banish            |       |       |       |     1 ||     1
Ability: Galvanic Breath   |       |       |     6 |     1 ||     7
  Evoke: Wand              |       |       |    11 |     6 ||    17
    Use: Scroll            |       |       |    11 |     6 ||    17
         Potion            |       |       |     6 |     1 ||     7
 Armour: Skin              |    26 |   133 |   153 |   183 ||   495
  Dodge: Dodged            |    41 |   137 |   212 |   192 ||   582

Table legend: (Time is in decaauts)
 A = Elapsed time spent in this place.
 B = Non-inter-level travel time spent in this place.
 C = Inter-level travel time spent in this place.
 D = Time resting spent in this place.
 E = Time spent auto-exploring this place.
 F = Levels seen in this place.
 G = Mean time per level.
                   A        B        C        D        E       F      G
               +--------+--------+--------+--------+--------+-----+--------+
         Total |  10292 |  10080 |    212 |   2776 |   4896 |   9 | 1143.6 |
       Dungeon |  10292 |  10080 |    212 |   2776 |   4896 |   9 | 1143.6 |
               +--------+--------+--------+--------+--------+-----+--------+

Top non-repeatable levels by time:
     D:6: 1824 daAuts
     D:8: 1696 daAuts
     D:7: 1490 daAuts
     D:3: 1204 daAuts
     D:5: 1072 daAuts
     D:2: 971 daAuts
     D:4: 795 daAuts
     D:9: 625 daAuts
     D:1: 610 daAuts
